AoeStats
← Critian

Arabia

503749690Analyzed
4v4 RM · 1mo ago on Sep 2, 2026· 44m 43s· 8 players
Game mode
Random Map
Map size
Large (8 player)
Population
200
Speed
Normal
Resources
Standard
Victory
Conquest
Starting age
Dark Age
Ending age
Imperial Age
RankedLock teamsTeams togetherTeam positionsShared explorationLock speedFull tech treeHidden civsTurbo modeCheats
Victory
Defeat
🇺🇸 Franks · United States
986
+13
🇺🇸 Khmer · United States
974
+13
🇺🇸 Mapuche · United States
934
+15
🇨🇴 Saracens · Colombia
929
+15
🇦🇷 Jurchens · Argentina
952
-16
🇦🇷 Sicilians · Argentina
926
-15
🇦🇷 Malians · Argentina
897
-13
🇦🇷 Goths · Argentina
877
-12
Atomicz 420
1:42 Loom
10:42 Feudal Age
17:04 Man-at-Arms
18:36 Double-Bit Axe
19:12 Horse Collar
25:16 Castle Age
23:19 Gold Mining
23:20 Stone Mining
25:26 Wheelbarrow
25:37 Forging
25:33 Scale Barding Armor
26:51 Husbandry
27:01 Bloodlines
28:03 Iron Casting
27:47 Heavy Plow
28:16 Bow Saw
30:25 Gold Shaft Mining
30:44 Chain Barding Armor
31:38 Hand Cart
39:47 Imperial Age
36:54 Long Swordsman
37:20 Gambesons
37:36 Squires
37:22 Arson
39:18 Redemption
39:20 Fervor
39:37 Sanctity
39:59 Fortified Wall
40:28 Ballistics
39:49 Heavy Camel Rider
42:10 Bimaristan
45:31 Two-Man Saw
44:27 Town Watch
dalemoney09
8:11 Loom
9:57 Feudal Age
10:55 Horse Collar
11:01 Double-Bit Axe
18:29 Castle Age
17:44 Fletching
19:12 Bodkin Arrow
20:42 Padded Archer Armor
25:25 Wheelbarrow
24:39 Town Watch
27:30 Bow Saw
27:22 Heavy Plow
29:37 Gold Mining
33:49 Imperial Age
33:05 Forging
33:49 Hand Cart
34:01 Leather Archer Armor
33:53 Malon
35:39 Ballistics
34:42 Elite Bolas Rider
36:39 Chemistry
36:12 Crop Rotation
37:17 Ring Archer Armor
38:29 Stone Mining
39:21 Conscription
39:40 Gold Shaft Mining
40:52 Elite Kona
42:15 Iron Casting
DigitalSixteen
10:31 Feudal Age
11:06 Loom
15:14 Castle Age
13:17 Double-Bit Axe
17:10 Bow Saw
23:26 Wheelbarrow
23:15 Scale Barding Armor
23:14 Gold Mining
25:14 Hand Cart
24:45 Town Watch
25:54 Forging
25:47 Husbandry
27:33 Gold Shaft Mining
27:06 Stone Mining
27:42 Chain Barding Armor
29:22 Iron Casting
32:13 Imperial Age
31:28 Fletching
32:13 Light Cavalry
32:25 Cavalier
34:10 Blast Furnace
33:46 Plate Barding Armor
34:17 Chemistry
33:24 Siege Engineers
34:32 Chivalry
35:33 Conscription
37:30 Elite Throwing Axeman
38:46 Hoardings
38:33 Paladin
39:12 Bodkin Arrow
39:32 Herbal Medicine
40:13 Town Patrol
39:41 Pikeman
40:22 Squires
DigitalTwelve
9:31 Loom
11:16 Feudal Age
15:19 Castle Age
14:26 Double-Bit Axe
14:24 Horse Collar
18:26 Scale Barding Armor
20:47 Bloodlines
22:13 Wheelbarrow
22:18 Forging
24:56 Bow Saw
25:25 Chain Barding Armor
25:55 Husbandry
26:39 Hand Cart
29:05 Iron Casting
28:33 Gold Mining
35:15 Imperial Age
35:26 Fletching
35:37 Padded Archer Armor
36:22 Elite Skirmisher
38:49 Bodkin Arrow
39:10 Leather Archer Armor
40:14 Conscription
41:03 Bracer
41:34 Ring Archer Armor
42:30 Ballistics
43:10 Chemistry
41:52 Crossbowman
43:45 Arbalester
TOMI
10:47 Feudal Age
17:02 Castle Age
21:51 Pikeman
29:24 Double-Bit Axe
29:22 Horse Collar
NuncaMasMorocho
11:19 Feudal Age
16:29 Castle Age
14:28 Double-Bit Axe
18:06 Bow Saw
23:04 Loom
24:03 Wheelbarrow
23:14 Town Watch
24:15 Horse Collar
25:03 Forging
28:52 Squires
28:37 Arson
29:51 Scale Mail Armor
32:45 Imperial Age
30:16 Treadmill Crane
31:09 Heavy Plow
31:26 Siege Engineers
31:28 Pikeman
33:28 Hand Cart
33:06 Gold Mining
34:57 Chemistry
35:12 Chain Mail Armor
38:00 Halberdier
40:16 Ballistics
42:14 Elite Fire Lancer
43:43 Gold Shaft Mining
43:48 Iron Casting
Critian
10:57 Feudal Age
15:08 Double-Bit Axe
15:37 Horse Collar
19:39 Castle Age
24:55 Heavy Plow
25:30 Elite Skirmisher
27:49 Thumb Ring
27:46 Fletching
27:57 Padded Archer Armor
30:54 Wheelbarrow
30:19 Bodkin Arrow
31:15 Pikeman
31:56 Squires
33:02 Forging
32:52 Scale Mail Armor
38:15 Imperial Age
36:13 Hand Cart
38:38 Iron Casting
38:18 Chain Mail Armor
45:16 Chemistry
Pugberto
10:15 Feudal Age
11:00 Double-Bit Axe
13:01 Horse Collar
20:23 Forging
20:03 Fletching
26:33 Castle Age
28:56 Elite Skirmisher
30:04 Husbandry
29:39 Pikeman
30:20 Squires
30:08 Arson
30:36 Bloodlines
36:37 Ballistics
36:51 Loom
38:28 Bodkin Arrow
38:34 Padded Archer Armor
38:53 Bow Saw
Connection lost

Rejoining the realm…

Still unreachable

The connection could not be restored.

Session expired

The server has moved on; the page needs a fresh start.